Unix NetHack Version 3.7.0-83 Work-in-progress - last build Apr 28 2023 22:06:38 (2625824c38750939014cf799bb7ff71c9e9c2d48,branch:master). Game began 2023-05-02 21:33:32, ended 2023-05-04 13:02:24. MaestroSpook, neutral female human Monk ------ -------- |....---...>|<| |..00......-|^| |.0.0.|000.||^| |.....|....||^| |----.------|^| |......| |^| |....00------^| |.........a@..| |......-----??| -------- ---- MaestroSpook the Novice St:18/01 Dx:15 Co:11 In:10 Wi:14 Ch:8 Neutral Dlvl:6 $:209 HP:0(45) Pw:18(18) AC:0 Xp:5/285 T:2755 Latest messages: q - a bronze ring. k - a food ration (3 in total). With great effort you move the boulder. With great effort you move the boulder. The boulder fills a pit. With great effort you move the boulder. With great effort you move the boulder. The boulder fills a pit. You swap places with Meatball. With great effort you move the boulder. The boulder fills a pit. Meatball misses it. The fire ant bites! The fire ant just misses! Meatball misses it. The fire ant bites! The fire ant bites again! You avoid harm. You hit the fire ant! The fire ant bites! The fire ant bites again! You're on fire! Your unlabeled scroll catches fire and burns! Your scroll labeled GARVEN DEH catches fire and burns! Meatball misses the fire ant. Meatball misses the fire ant. Meatball misses it. Meatball misses it. What do you want to zap? [u or ?*] u - a wand of light. What do you want to zap? [u or ?*] Never mind. Air currents pull you down into a pit! You hear some noises in the distance. You are still in a pit. The fire ant bites! The fire ant misses! The fire ant bites! The fire ant bites again! You avoid harm. What do you want to drink? [r-txFIQT or ?*] Never mind. # #pray: unknown extended command. You are still in a pit. The fire ant bites! The fire ant bites again! You're on fire! The fire ant bites! You die... Inventory: Coins ('$') $ - 209 gold pieces Armor ('[') y - an uncursed +0 helm of brilliance M - an uncursed +1 orcish helm (being worn) a - an uncursed +2 pair of leather gloves (being worn) A - an uncursed +0 pair of jumping boots (being worn) b - an uncursed +2 robe (being worn) Comestibles ('%') S - 3 uncursed blueberry muffins g - 7 uncursed apples f - 3 uncursed food rations k - 3 uncursed food rations i - 5 uncursed fortune cookies R - an uncursed melon h - 7 uncursed oranges w - an uncursed orange C - an uncursed sprig of wolfsbane l - 2 uncursed lichen corpses Scrolls ('?') v - a cursed scroll of create monster n - an uncursed scroll of enchant weapon o - an uncursed scroll of food detection d - an uncursed scroll of identify J - an uncursed scroll of identify Spellbooks ('+') c - a blessed spellbook of confuse monster V - an uncursed spellbook of invisibility G - an uncursed spellbook of remove curse m - an uncursed spellbook of sleep Potions ('!') t - an uncursed potion of extra healing x - an uncursed potion of fruit juice r - a cursed potion of fruit juice I - a cursed potion of hallucination Q - an uncursed potion of object detection T - an uncursed potion of polymorph s - an uncursed potion of water F - a potion of unholy water Rings ('=') q - a cursed ring of teleportation Wands ('/') u - an uncursed wand of light (0:10) Tools ('(') H - an empty uncursed sack j - an uncursed magic marker (0:84) e - an uncursed magic marker (0:46) MaestroSpook the Monk's attributes: Background: You were a Novice, a level 5 female human Monk. You were neutral, on a mission for Chih Sung-tzu who was opposed by Shan Lai Ching (lawful) and Huan Ti (chaotic). You were in Sokoban, on level 6. You entered the dungeon 2755 turns ago. There was a full moon in effect when your adventure ended. You had 285 experience points, 35 more were needed to attain level 6. Basics: You had 0 out of 45 hit points. You had all 18 energy points (spell power). Your armor class was 0. Your wallet contained 209 zorkmids. Autopickup was on for '$%?!"=/*', with exceptions. Final Characteristics: Your strength was 18/01 (limit:18/100). Your dexterity was 15 (limit:18). Your constitution was 11 (limit:18). Your intelligence was 10 (limit:18). Your wisdom was 14 (limit:18). Your charisma was 8 (limit:18). Final Status: You were trapped in a pit. You were not hungry. You were unencumbered. You were empty handed. You had basic skill with martial arts. Final Attributes: You were piously aligned. You were sleep resistant. You were poison resistant. You saw invisible. You were stealthy. You could jump. You were guarded. You were fast. You were lucky. You are dead. Miscellaneous: You disabled loading of bones levels. Total elapsed playing time was 46 minutes and 50 seconds. Major events: Turn 1: MaestroSpook the neutral female human Monk entered the dungeon 879: entered the Gnomish Mines 1164: attained the rank of Novice (level 3) 2656: entered Sokoban 2755: killed by a fire ant Vanquished creatures: a small mimic 2 Uruk-hai a rock piercer a fog cloud a shrieker a gnome leader a gnomish wizard 2 black naga hatchlings a kobold shaman a rothe a monkey a dwarf zombie 3 iguanas 2 coyotes a hobbit 2 large kobolds 2 cave spiders a yellow mold 2 geckos 4 jackals 2 foxes 4 goblins a sewer rat a grid bug a bat 3 lichens 2 newts 45 creatures vanquished. No species were genocided or became extinct. Voluntary challenges: You never hit with a wielded weapon. You read items or engraved 1 time. You never engraved Elbereth. You never genocided any monsters. You never polymorphed an object. You never changed form. You used no wishes. You did not violate any of the special Sokoban rules. Achievements: You entered a shop. You entered the Gnomish Mines. You attained the rank of Novice. You entered Sokoban. The Dungeons of Doom: levels 1 to 8 Level 1: Level 2: A fountain, a sink. Level 3: A potion shop, a fountain. Level 4: An armor shop, a fountain. Stairs down to The Gnomish Mines. Level 5: A potion shop. Level 6: Many fountains. Level 7: A general store, a fountain. Stairs up to Sokoban, level 6. Level 8: A fountain. The Gnomish Mines: Level 5: Sokoban: Level 6: <- You were here. Unsolved. Final resting place for you, killed by a fire ant. Game over: ---------- / \ / REST \ / IN \ / PEACE \ / \ | MaestroSpook | | 209 Au | | killed by a fire | | ant | | | | | | 2023 | *| * * * | * _________)/\\_//(\/(/\)/\//\/|_)_______ Goodbye MaestroSpook the Monk... You died in Sokoban on dungeon level 6 with 1699 points, and 209 pieces of gold, after 2755 moves. You were level 5 with a maximum of 45 hit points when you died.